 Dungeon Crawl Stone Soup version 0.28.0-49-g6dfe1f597d (console) character file.

Game seed: 1205721780619695102

174027 Faeu the Impregnable (level 17, -2/124 HPs)
             Began as a Minotaur Berserker on May 14, 2022.
             Was a High Priest of Trog.
             Killed from afar by an acid blob (9 damage)
             ... with a splash of acid
             ... created by the Royal Jelly
             ... on level 5 of the Pits of Slime.
             The game lasted 04:27:07 (47315 turns).

Faeu the Impregnable (Minotaur Berserker)          Turns: 47315, Time: 04:27:08

Health: -2/124     AC: 26    Str: 31    XL:     17   Next: 44%
Magic:  9/16       EV: 10    Int:  2    God:    Trog [*****.]
Gold:   2610       SH:  0    Dex: 11    Spells: 16/16 levels left

rFire   + + .      SeeInvis .   m - +7 battleaxe (flame) {axe}
rCold   + . .      Faith    +   (shield currently unavailable)
rNeg    . . .      Spirit   .   i - +5 gold dragon scales {rare}
rPois   +          Reflect  .   Z - +2 hat
rElec   .          Harm     .   (no cloak)
rCorr   +          Rampage  .   I - +0 pair of gloves
Will    ++...      Rage     1%  c - +2 pair of boots
Stlth   ..........              M - amulet of faith {!P}
HPRegen 0.30/turn               Y - +6 ring of strength
MPRegen 0.15/turn               X - ring of resist corrosion

@: marked, corroded, hasted, very quick
A: horns 2, retaliatory headbutt, iridescent scales 1, berserk 1, clumsy 1,
deformed body, dopey 1, fire resistance 1, frail 2, strong-willed 1, weak 1,
subdued magic 1
a: Renounce Religion, Berserk, Trog's Hand, Brothers in Arms


You were on level 5 of the Pits of Slime.
You worshipped Trog.
Trog was extremely pleased with you.
You visited 7 branches of the dungeon, and saw 31 of its levels.
You also visited: Ossuary.

You collected 2610 gold pieces.


Innate Abilities, Weirdness & Mutations

You have a pair of horns on your head.
You reflexively headbutt those who attack you in melee.
You are partially covered in iridescent scales. (AC +2)
You tend to lose your temper in combat.
You are clumsy. (Dex -2)
Armour fits poorly on your strangely shaped body.
You are dopey. (Int -2)
Your flesh is heat resistant. (rF+)
You are very frail. (-20% HP)
You are strong-willed. (Will+)
You are weak. (Str -2)
Your spells are a little easier to cast, but a little less powerful.


   Skills:
 - Level 15.0 Fighting
 - Level 24.0 Axes
 + Level 24.3 Armour
 - Level 6.0 Dodging


You had 16 spell levels left.
You didn't know any spells.
Your spell library contained the following spells:

 Spells                   Type           Power      Damage    Failure   Level
 Animate Skeleton         Necr           0%         N/A       98%         1
 Apportation              Tloc           0%         N/A       98%         1
 Foxfire                  Conj/Fire      0%         2x1d4     98%         1
 Freeze                   Ice            0%         1d3       98%         1
 Sandblast                Erth           0%         2d4       98%         1
 Summon Small Mammal      Summ           0%         N/A       98%         1
 Blink                    Tloc           0%         N/A       99%         2
 Ensorcelled Hibernation  Hex/Ice        0%         N/A       99%         2
 Passwall                 Tmut/Erth      0%         N/A       99%         2
 Static Discharge         Conj/Air       0%         N/A       99%         2
 Sublimation of Blood     Necr           0%         N/A       99%         2
 Frozen Ramparts          Ice            0%         1d2       100%        3
 Gell's Gravitas          Tloc           0%         N/A       100%        3
 Lesser Beckoning         Tloc           0%         N/A       100%        3
 Swiftness                Air            0%         N/A       100%        3
 Teleport Other           Tloc           0%         N/A       100%        3
 Tukima's Dance           Hex            0%         N/A       100%        3
 Dispel Undead            Necr           0%         3d6       100%        4
 Hailstorm                Conj/Ice       0%         3d3       100%        4
 Olgreb's Toxic Radiance  Pois           0%         N/A       100%        4
 Passage of Golubria      Tloc           0%         N/A       100%        4
 Petrify                  Tmut/Erth      0%         N/A       100%        4
 Sticky Flame             Conj/Fire      0%         2d3       100%        4
 Borgnjor's Vile Clutch   Necr/Erth      0%         N/A       100%        5
 Irradiate                Conj/Tmut      0%         3d14      100%        5
 Iskenderun's Battlesphe  Conj           0%         2d6       100%        5
 Manifold Assault         Tloc           0%         N/A       100%        5
 Yara's Violent Unravell  Hex/Tmut       0%         3d3       100%        5
 Iron Shot                Conj/Erth      0%         9d1       100%        6
 Ozocubu's Refrigeration  Ice            0%         4d5       100%        7
 Spellforged Servitor     Conj/Summ      0%         N/A       100%        7
 Storm Form               Tmut/Air       0%         N/A       100%        7
 Ignition                 Fire           0%         3d3       100%        8

Inventory:

Hand Weapons
 b - the +9 morningstar of Gallantry {drain, *Slow Fly rF+ Int+4, mace}
   (You found it on level 4 of the Dungeon)

   A truly terrible weapon, it drains the life of any living foe it strikes.
   Int:       It affects your intelligence (+4).
   rF:        It protects you from fire.
   Fly:       It grants you flight.
   *Slow:     It may slow you when you take damage.
 m - a +7 battleaxe of flaming (weapon) {axe}
   (Trog gifted it to you on level 5 of the Pits of Slime)
 o - a +4 vorpal executioner's axe {axerare=g}
   (Trog gifted it to you on level 2 of the Orcish Mines)
 w - a +1 antimagic executioner's axe {axerare=g}
   (Trog gifted it to you on level 1 of the Orcish Mines)
 x - the +6 spear "Xakhloutwe" {freeze, rC++, polearm}
   (You found it on level 6 of the Lair of Beasts)

   It freezes those it strikes, dealing additional cold damage.
   It can also slow down cold-blooded creatures.
   rC:        It greatly protects you from cold.
 y - a +5 vorpal battleaxe {axe}
   (Trog gifted it to you on level 2 of the Lair of Beasts)
 S - a +3 vampiric executioner's axe {axerare=g}
   (You took it off Rupert on level 5 of the Lair of Beasts)
Missiles
 r - 9 curare-tipped darts {=fthrowing}
 A - 16 poisoned darts {throwing}
 E - 11 atropa-tipped darts {throwing}
 P - 8 silver boomerangs (quivered) {throwing}
Armour
 c - a +2 pair of boots (worn)
   (You found it on level 8 of the Dungeon)
 i - +5 gold dragon scales (worn) {rare}
   (You found it on level 2 of the Lair of Beasts)
 I - a +0 pair of gloves (worn)
   (You found it on level 6 of the Dungeon)
 Z - a +2 hat (worn)
   (You found it on level 11 of the Dungeon)
Jewellery
 e - a ring of fire
   (You found it on level 6 of the Lair of Beasts)
 G - a ring of willpower
   (You took it off a spriggan on level 6 of the Lair of Beasts)
 K - an amulet of reflection
   (You found it on level 1 of the Swamp)
 M - an amulet of faith (around neck) {!P}
   (You found it in an ossuary)
 R - a ring of fire
   (You found it on level 8 of the Dungeon)
 T - a ring of willpower
   (You found it on level 9 of the Dungeon)
 V - a ring of positive energy
   (You found it on level 9 of the Dungeon)
 X - a ring of resist corrosion (right hand)
   (You found it on level 6 of the Lair of Beasts)
 Y - a +6 ring of strength (left hand)
   (You found it on level 1 of the Lair of Beasts)
Wands
 h - a wand of flame (48)
   (You found it on level 2 of the Dungeon)
 p - a wand of charming (15)
   (You took it off an orc on level 3 of the Dungeon)
 C - a wand of polymorph (21)
   (You took it off an orc on level 6 of the Dungeon)
 H - a wand of mindburst (10)
   (You found it on level 7 of the Dungeon)
 L - a wand of paralysis (5)
   (You found it on level 12 of the Dungeon)
 Q - a wand of acid (6)
   (You found it on level 8 of the Dungeon)
Scrolls
 f - 2 scrolls of enchant weapon
 g - 3 scrolls of amnesia
 j - 4 scrolls of brand weapon
 k - a scroll of fear
 n - 3 scrolls of fog
 q - 6 scrolls of vulnerability {!r!r}
 s - 7 scrolls of teleportation {@r4}
 D - a scroll of immolation {!r!r}
Potions
 d - 4 potions of mutation {!q}
 l - 3 potions of berserk rage {!q}
 t - 3 potions of lignification {!q}
 u - 4 potions of attraction {!q}
 v - 10 potions of curing {@q1}
 z - 2 potions of cancellation
 B - a potion of magic
 J - a potion of resistance
 N - 4 potions of might
 W - a potion of heal wounds {@q2}

Dungeon Overview and Level Annotations

Branches:
Dungeon (14/15)            Temple (0/1) D:7            Lair (6/6) D:8
  Swamp (2/4) Lair:3       Spider (1/4) Lair:4        Slime (5/5) Lair:5
    Orc (2/2) D:12            Elf (1/3) Orc:2        Vaults (0/5) D:13
Ossuary (visited)

Altars:
Ashenzari
Cheibriados
Fedhas
Gozag
Hepliaklqana
Makhleb
Okawaru
Trog
Xom
Yredelemnul
Zin
Beogh

Shops:
D:3 [   D:11 (   Orc:2 [(!=!*

Annotations:
D:7 2 transporters, Faeu's ghost, novice MiFi
D:8 2 transporters, Bamboolord's ghost, novice DsGl
D:9 exclusions: obsidian statue and orange crystal statue
Lair:5 2 transporters
Swamp:2 Nikola
Spider:1 Jorgrun
Slime:5 Royal Jelly

##### ###.#.## ####.##...####
##......#.....##
########..............#######
##...##........<........##...##
##.......................#.....##
#...............................#
##..............................#
#...............@................
................J................
.................................
................JJ...............
..............J..................
.................................
............J....................
..........J.....................#
...............................J.
...............................J.
..............................JJ.


You could see the Royal Jelly, an acid blob, an azure jelly, a rockslime and 2
quicksilver oozes.


Message History

MASSIVE DAMAGE!! (PAUSE)
You cannot read scrolls while unable to breathe!
You feel much better.
You gasp with relief as air once again reaches your lungs.
The rockslime hits you!
* * * LOW HITPOINT WARNING * * *
You stumble backwards!
The rockslime completely misses you. You furiously retaliate!
You headbutt the rockslime, but do no damage. 😨 HP[+5]
You regained 5 hp, and now have 33/124 hp.
Really read
F - a scroll of blinking {!r}? [Y]es or [N]o only, please.
Really read
F - a scroll of blinking {!r}? [Y]es or [N]o only, please.
Really read
F - a scroll of blinking {!r}? [Y]es or [N]o only, please.
Really read
F - a scroll of blinking {!r}? [Y]es or [N]o only, please.
Really read
F - a scroll of blinking {!r}? [Y]es or [N]o only, please.
Really read
F - a scroll of blinking {!r}? [Y]es or [N]o only, please.
Really read
F - a scroll of blinking {!r}? [Y]es or [N]o only, please.
Really read
F - a scroll of blinking {!r}? [Y]es or [N]o only, please.
Really read
F - a scroll of blinking {!r}? [Y]es or [N]o only, please.
Really read
F - a scroll of blinking {!r}?
Blink to where?
Press: ? - help, Dir - move target
As you read the scroll of blinking {!r}, it crumbles to dust.
The acid blob spits acid at you. The splash of acid hits you! You resist.
* * * LOW HITPOINT WARNING * * *
😱 HP[-12]
You take 12 damage, and now have 21/124 hp.
As you read the scroll of fog, it crumbles to dust.
The scroll dissolves into smoke.
The acid blob spits acid at you. The splash of acid hits you. You resist.
* * * LOW HITPOINT WARNING * * *
The great orb of eyes gazes at you.
You resist with almost no effort. 😱 HP[-4]
You take 4 damage, and now have 17/124 hp.
You feel much better. The great orb of eyes gazes at you.
You resist with almost no effort. 😨 HP[+25] MP[+1]
You regained 25 hp, and now have 42/124 hp.
You feel yourself speed up.
The great orb of eyes pulsates ominously.
The great orb of eyes bites you.
* * * LOW HITPOINT WARNING * * *
😨 HP[-5]
You take 5 damage, and now have 37/124 hp. 😨 HP[+1]
The acid blob quivers.
The acid blob spits acid at you.
The splash of acid hits you but does no damage. 😨 HP[+1]
You are no longer corroded.
The quicksilver ooze hits you. The quicksilver ooze engulfs you!
The quicksilver ooze hits you but does no damage. 😨 MP[+1]
You slip free of the ooze engulfing you.
You gasp with relief as air once again reaches your lungs. 😨 HP[+1]
The acid blob quivers.
The great orb of eyes pulsates ominously.
The quicksilver ooze sets off the alarm!
The alarm trap emits a blaring wail!
A sentinel's mark forms upon you. 😨 HP[+1] 😨 MP[+1]
The acid blob spits acid at you. The splash of acid hits you! You resist.
* * * LOW HITPOINT WARNING * * *
The acid corrodes you! 😨 HP[-6]
You take 6 damage, and now have 35/124 hp.
The acid blob spits acid at you. The splash of acid hits you. You resist.
* * * LOW HITPOINT WARNING * * *
The acid corrodes you! The quicksilver ooze hits you!
* * * LOW HITPOINT WARNING * * *
The quicksilver ooze hits you but does no damage. 😱 HP[-17]
You take 17 damage, and now have 18/124 hp.
The acid blob spits acid at you. The splash of acid hits you! You resist.
* * * LOW HITPOINT WARNING * * *
😱 HP[-11]
You take 11 damage, and now have 7/124 hp. 😱 MP[+1]
The acid blob spits acid at you. The splash of acid hits you! You resist.
You die...

Skill      XL: |  1  2  3  4  5  6  7  8  9 10 11 12 13 14 15 16 17 |
---------------+----------------------------------------------------+-----
Fighting       | 4 5 6 8 10 11 13 15 | 15.0
Axes           | 4 5 6 8 10 11 13 15 17 20 21 22 24 | 24.0
Armour         | 3 4 5 7 9 11 13 15 17 18 21 24 | 24.3
Dodging        | 3 4 5 6 |  6.0

Action                   |  1- 3 |  4- 6 |  7- 9 | 10-12 | 13-15 | 16-18 || total
-------------------------+-------+-------+-------+-------+-------+-------++-------
Melee: Hand axe          |   103 |    45 |     1 |       |       |       ||   149
       Headbutt          |    13 |     9 |    23 |   108 |   238 |   159 ||   550
       Punch             |     1 |     3 |       |    11 |    15 |       ||    30
       Morningstar       |       |    30 |   109 |   573 |   710 |    29 ||  1451
       Trident           |       |       |       |       |   228 |       ||   228
       Battleaxe         |       |       |       |       |    89 |   457 ||   546
       Executioner's axe |       |       |       |       |    52 |     7 ||    59
Throw: Dart              |       |       |     1 |     6 |     1 |     1 ||     9
       Boomerang         |       |       |       |       |       |    11 ||    11
Invok: Berserk           |       |       |     1 |    10 |    10 |    14 ||    35
Evoke: Wand              |       |       |       |     3 |     3 |       ||     6
  Use: Scroll            |       |       |     4 |    13 |    18 |     9 ||    44
       Potion            |       |       |       |       |     1 |    12 ||    13
 Stab: Sleeping          |       |     2 |       |       |       |       ||     2
       Invisible         |       |       |       |       |     5 |       ||     5
Armor: Animal skin       |    26 |    18 |     8 |       |       |       ||    52
       Chain mail        |       |       |    29 |    52 |       |       ||    81
       Plate armour      |       |       |       |   372 |   581 |       ||   953
       Gold dragon scale |       |       |       |       |   161 |   393 ||   554
       Skin              |       |       |       |       |     1 |       ||     1
Dodge: Dodged            |    66 |    50 |    74 |   309 |   499 |   156 ||  1154

Levels and vault maps discovered:
D:1:      minmay_arrival_jagged, layout_loops_ring, minmay_misc_feat_tiny
D:2:      layout_basic, basic_altar, serial_undead, serial_undead_f,
          serial_undead_f, serial_undead_e, serial_undead_c, serial_undead_a,
          serial_undead_d, serial_undead_c, shapermc_ecumenical_altar_rom_forum
D:3:      layout_loops_ring, serial_shops, shop, grunt_ministairs_9,
          nicolae_wormholes
D:4:      layout_loops_ring
D:5:      layout_gridville, lemuel_tele_altar
D:6:      layout_cave_pools, grunt_temple_overflow_open,
          minmay_misc_feat_four_crosses, chequers_serial_rivers_micro_c,
          water_boxes_lemuel, uniq_blork_the_orc, uniq_maggie
D:7:      layout_basic, gammafunk_temple_overflow_claw,
          minmay_temple_entry_steel_oval, gammafunk_ghost_arena
D:8:      layout_cave_pools, dpeg_lair_monsters, nzn_ghost_randoct,
          chequers_ossuary_entry_cave, moated_statue
D:9:      minmay_separated_statues, layout_basic, fedhas_altar_fruit_tree,
          serial_glass, glass_columns_a, glass_columns_b, item_on_display_a,
          due_unseen_surprise, minmay_strange_pillars, kennysheep_potato
D:10:     layout_long_grid, mainiacjoe_overflow_concentric_impassable, uniq_grum
D:11:     layout_roguey, serial_shops, kennysheep_mini, the_hattery
D:12:     layout_long_grid, zombieorc1_lemuel, minivault_4, kennysheep_donut
D:13:     layout_rooms, david_vaults_4, gauntlet_entry_generic,
          nrook_pool_corridor, uniq_erolcha
D:14:     layout_long_grid, serial_shops, kennysheep_little_box, minivault_13
Lair:1:   layout_gridlike, serial_bayou_shore_b
Lair:2:   nzn_winding_woodlands_stair_trap
          [nzn_winding_woodlands_5x15_concentric,
          nzn_winding_woodlands_5x15_pockets,
          nzn_winding_woodlands_5x15_sawtooth,
          nzn_winding_woodlands_15x15_eel_pit, nzn_winding_woodlands_5x15_pool,
          nzn_winding_woodlands_5x15_lazy_stream,
          nzn_winding_woodlands_5x15_twine], layout_hall_layers,
          portal_ice_cave_entry_ice_simulacra
Lair:3:   layout_regular_city, minmay_swamp_entry_eels, beast_lair_carwin_6
Lair:4:   layout_misc_corridors, hellmonk_spider_entry_not_the_bees
Lair:5:   gammafunk_cloud_chamber, layout_regular_city,
          minmay_slime_entry_oklob_open, ebering_ghost_xom, lemuel_fruit_fields
Lair:6:   minmay_lair_end_enchanted_forest, layout_hall_layers, uniq_rupert
Swamp:1:  layout_basic_swamp, nicolae_swamp_round_clearing, st_swamp_ruins_2
Swamp:2:  layout_falls_marsh, evilmike_swamp_ruin_house_2, uniq_nikola
Spider:1: layout_chambers, ebering_ghost_inner_flame,
          nicolae_spider_checkerboard, hangedman_spider_tarantella_strand,
          uniq_azrael, uniq_aizul, uniq_jorgrun
Slime:1:  layout_caves
Slime:2:  layout_caves, cheibrodos_slime_lost_civilization_6
Slime:3:  layout_caves, dissolution_awaits
Slime:4:  layout_caves
Slime:5
Orc:1:    layout_caves, basic_altar, nicolae_orc_rich_vein, uniq_nergalle
Orc:2:    st_orc_ogre_mass, layout_diamond_mine, serial_shops, shop,
          nicolae_shop_clearance
Elf:1:    eino_elf_arrival_the_gate, layout_gridlike, minmay_elf_necromancy,
          drop_trap, grunt_ministairs_12, corexii_leaking_fountain,
          minmay_shop_star, uniq_agnes

Notes
Turn   | Place    | Note
-------+----------+-------------------------------------------
     0 | D:1      | Faeu the Minotaur Berserker began the quest for the Orb.
     0 | D:1      | Reached XP level 1. HP: 19/19 MP: 0/0
     0 | D:1      | magus.rc [v1.9.6]
   201 | D:1      | Reached XP level 2. HP: 27/27 MP: 1/1
   514 | D:1      | Reached skill level 4 in Fighting
   514 | D:1      | Reached skill level 4 in Axes
   700 | D:1      | Reached ** piety under Trog
   816 | D:1      | Reached skill level 3 in Armour
   816 | D:1      | You fall into a shaft and drop 1 floor!
   832 | D:2      | Reached XP level 3. HP: 21/33 MP: 2/2
  1217 | D:2      | Found a faded altar of an unknown god.
  1228 | D:2      | Got Plato's Disquisition on Combat Magic {forbidden}
  1496 | D:2      | Reached skill level 3 in Dodging
  1733 | D:2      | Found a hazy altar of Hepliaklqana.
  2119 | D:3      | Reached XP level 4. HP: 24/40 MP: 3/3
  2448 | D:3      | You add the spells Olgreb's Toxic Radiance, Ozocubu's
                  | Refrigeration and Ignition to your library.
  2493 | D:3      | Found Cipuyxan's Armour Emporium.
  3335 | D:4      | Identified a +2 robe of the Archmagi
  3338 | D:4      | Identified the +9 morningstar of Gallantry {drain, *Slow
                  | Fly rF+ Int+4}
  3388 | D:4      | Reached XP level 5. HP: 35/47 MP: 4/4
  3848 | D:5      | Entered Level 5 of the Dungeon
  3855 | D:5      | Reached skill level 5 in Axes
  3855 | D:5      | Reached skill level 4 in Armour
  3971 | D:5      | Reached skill level 5 in Fighting
  4283 | D:5      | Found a hazy altar of Hepliaklqana.
  4435 | D:5      | Noticed a sky beast
  4437 | D:5      | Killed a sky beast
  4438 | D:5      | Reached skill level 4 in Dodging
  4438 | D:5      | Reached XP level 6. HP: 56/56 MP: 5/5
  4605 | D:6      | Noticed Maggie
  4695 | D:6      | Killed Maggie
  4696 | D:6      | Reached skill level 6 in Fighting
  4696 | D:6      | Reached skill level 6 in Axes
  4696 | D:6      | Reached skill level 5 in Armour
  4696 | D:6      | Reached XP level 7. HP: 38/63 MP: 6/6
  4953 | D:6      | Found a shimmering altar of Xom.
  4954 | D:6      | You pick up a book of Power {forbidden} and begin
                  | reading...
  4954 | D:6      | You add the spells Iskenderun's Battlesphere, Iron Shot and
                  | Spellforged Servitor to your library.
  4959 | D:6      | Found a broken altar of Ashenzari.
  4959 | D:6      | Found a burning altar of Makhleb.
  4961 | D:6      | Found a snail-covered altar of Cheibriados.
  4961 | D:6      | Found an iron altar of Okawaru.
  5042 | D:6      | Reached *** piety under Trog
  5043 | D:6      | Reached skill level 5 in Dodging
  5364 | D:6      | Noticed Blork the orc
  5396 | D:6      | Killed Blork the orc
  5409 | D:6      | Reached XP level 8. HP: 55/71 MP: 7/7
  5564 | D:6      | Reached skill level 6 in Armour
  5881 | D:6      | Reached skill level 7 in Fighting
  5881 | D:6      | Reached skill level 7 in Axes
  6083 | D:7      | Identified the +0 leather armour "Opsuopupna" {Harm Regen+}
  6103 | D:7      | Reached skill level 6 in Dodging
  6319 | D:7      | Found a transporter.
  6324 | D:7      | Noticed Faeu's ghost (novice MiFi)
  6341 | D:7      | Found a transporter.
  6411 | D:7      | You pick up a book of Alchemy {forbidden} and begin
                  | reading...
  6411 | D:7      | You add the spells Sublimation of Blood, Petrify and
                  | Irradiate to your library.
  6422 | D:7      | Found a staircase to the Ecumenical Temple.
  6491 | D:7      | Found a bloodstained altar of Trog.
  6491 | D:7      | Found a glowing silver altar of Zin.
  6492 | D:7      | Found a basalt altar of Yredelemnul.
  6567 | D:7      | Reached skill level 7 in Armour
  7066 | D:7      | Reached skill level 8 in Fighting
  7066 | D:7      | Reached skill level 8 in Axes
  7562 | D:8      | Reached XP level 9. HP: 73/81 MP: 8/8
  7590 | D:8      | Noticed a death yak
  7600 | D:8      | Noticed a death yak
  7602 | D:8      | Noticed a death yak
  7611 | D:8      | Killed a death yak
  7612 | D:8      | Reached skill level 8 in Armour
  7614 | D:8      | Reached skill level 9 in Fighting
  7614 | D:8      | Reached skill level 9 in Axes
  7616 | D:8      | Killed a death yak
  7616 | D:8      | Reached **** piety under Trog
  7617 | D:8      | Reached skill level 9 in Armour
  7618 | D:8      | HP: 31/126 [death yak (9)]
  7620 | D:8      | Killed a death yak
  7621 | D:8      | Reached skill level 10 in Fighting
  7621 | D:8      | Reached skill level 10 in Axes
  7694 | D:8      | Reached XP level 10. HP: 40/93 MP: 9/9
  7705 | D:8      | Found a transporter.
  7726 | D:8      | Noticed Bamboolord's ghost (novice DsGl)
  7806 | D:8      | Found a transporter.
  7815 | D:8      | Found a sand-covered staircase.
  7850 | Ossuary  | Entered an ossuary
  7878 | Ossuary  | Reached skill level 10 in Armour
  8485 | D:8      | Found a staircase to the Lair.
  8839 | D:9      | Reached ***** piety under Trog
  8993 | D:9      | Noticed an obsidian statue
  9375 | D:9      | Noticed an orange crystal statue
  9563 | D:9      | Reached skill level 11 in Axes
  9575 | D:9      | Reached skill level 11 in Fighting
  9659 | D:9      | Found a blossoming altar of Fedhas.
  9932 | D:10     | Entered Level 10 of the Dungeon
  9952 | D:10     | Noticed Grum
  9960 | D:10     | Killed Grum
 10192 | D:10     | Reached skill level 11 in Armour
 10210 | D:10     | Noticed a two-headed ogre
 10233 | D:10     | Killed a two-headed ogre
 10317 | Lair:1   | Entered Level 1 of the Lair of Beasts
 10324 | Lair:1   | Noticed a cane toad
 10332 | Lair:1   | Killed a cane toad
 10340 | Lair:1   | You are sucked into a shaft and drop 1 floor!
 10363 | Lair:2   | Noticed a cane toad
 10468 | Lair:1   | Noticed a cane toad
 10482 | Lair:1   | Killed a cane toad
 10483 | Lair:1   | Reached XP level 11. HP: 83/104 MP: 10/10
 10708 | Lair:1   | Noticed an eight-headed hydra
 10779 | Lair:1   | Noticed a six-headed hydra
 10963 | D:10     | Reached skill level 12 in Axes
 11001 | D:10     | Reached skill level 12 in Fighting
 11157 | D:10     | Found an opulent altar of Gozag.
 11181 | D:10     | You add the spells Blink, Manifold Assault and Storm Form
                  | to your library.
 11244 | D:10     | Received a gift from Trog
 11460 | D:10     | Reached skill level 12 in Armour
 12007 | D:11     | HP: 35/157 [orc priest/divine providence (11)]
 12332 | D:11     | Found Doquixtacw's Weapon Shoppe.
 12810 | D:11     | Noticed a two-headed ogre
 12815 | D:11     | Killed a two-headed ogre
 12816 | D:11     | Reached skill level 13 in Fighting
 12816 | D:11     | Reached skill level 13 in Axes
 13072 | D:12     | Noticed a boulder beetle
 13082 | D:12     | Killed a boulder beetle
 13159 | D:12     | Reached skill level 13 in Armour
 13194 | D:12     | Reached XP level 12. HP: 98/115 MP: 11/11
 13373 | D:12     | Found a staircase to the Orcish Mines.
 13507 | D:12     | Noticed a two-headed ogre
 13516 | D:12     | Killed a two-headed ogre
 13816 | D:12     | Received a gift from Trog
 13964 | D:12     | Noticed a two-headed ogre
 13977 | D:12     | Killed a two-headed ogre
 14330 | Orc:1    | Entered Level 1 of the Orcish Mines
 14341 | Orc:1    | Noticed an orc high priest
 14597 | D:12     | Reached skill level 14 in Axes
 14685 | D:12     | Reached skill level 14 in Fighting
 15443 | D:13     | Noticed a centaur warrior
 15444 | D:13     | Noticed Erolcha
 15453 | D:13     | Killed a centaur warrior
 15461 | D:13     | Killed Erolcha
 15462 | D:13     | Reached skill level 14 in Armour
 15541 | D:13     | You pick up a book of Cantrips {forbidden} and begin
                  | reading...
 15541 | D:13     | You add the spells Animate Skeleton, Summon Small Mammal
                  | and Apportation to your library.
 15629 | D:13     | Noticed an ettin
 15629 | D:13     | Noticed a fire dragon
 15637 | D:13     | Killed an ettin
 15644 | D:13     | Killed a fire dragon
 15884 | D:13     | Noticed a centaur warrior
 15893 | D:13     | Killed a centaur warrior
 16222 | Orc:1    | magus.rc [v1.9.6]
 16222 | Orc:1    | magus.rc [v1.9.6]
 16314 | Orc:1    | Killed an orc high priest
 16315 | Orc:1    | Reached skill level 15 in Fighting
 16315 | Orc:1    | Reached skill level 15 in Axes
 16747 | Orc:2    | Entered Level 2 of the Orcish Mines
 16764 | Orc:2    | Found a staircase to the Elven Halls.
 16816 | Orc:2    | Noticed an orc warlord
 17056 | Orc:2    | Found Fikorai's Armour Emporium.
 17382 | Orc:1    | HP: 29/119 [orc warrior/+0 battleaxe[an orc warlord] (16)]
 17747 | Orc:1    | Reached skill level 15 in Armour
 17784 | Orc:2    | Received a gift from Trog
 17785 | Orc:2    | o - a +4 vorpal executioner's axe {axerare=g}
 17957 | Orc:2    | Killed an orc warlord
 17958 | Orc:2    | Reached XP level 13. HP: 126/126 MP: 12/12
 18103 | Orc:2    | Found Koregen's CLEARANCE SALE!.
 18798 | Orc:2    | HP: 27/126 [two-headed ogre/+0 giant club (8)]
 20194 | Orc:2    | Reached skill level 16 in Axes
 20327 | Orc:2    | Reached skill level 16 in Armour
 20714 | Orc:2    | Found Plog's Jewellery Emporium.
 20714 | Orc:2    | Found Datuamug's Weapon Boutique.
 20714 | Orc:2    | Found Faejo's Distillery.
 20714 | Orc:2    | Found Qewn's Distillery.
 20907 | Orc:2    | Reached skill level 17 in Axes
 21582 | Orc:1    | Noticed Nergalle
 21603 | Orc:1    | Killed Nergalle
 21603 | Orc:1    | Received a gift from Trog
 21604 | Orc:1    | Reached skill level 17 in Armour
 21856 | Orc:1    | w - a +1 antimagic executioner's axe {axerare=g}
 22267 | D:13     | You pick up a book of Displacement {forbidden} and begin
                  | reading...
 22267 | D:13     | You add the spells Lesser Beckoning, Gell's Gravitas and
                  | Teleport Other to your library.
 22453 | D:13     | Found a gate to the Vaults.
 22457 | D:13     | Identified the +4 trident of Ysa Jitu {vorpal, *Slow rPois
                  | Int+4}
 23109 | D:14     | Found a runed translucent door.
 23216 | D:14     | Reached XP level 14. HP: 111/135 MP: 13/13
 23297 | D:14     | Reached skill level 18 in Axes
 23519 | D:14     | Noticed a storm dragon
 23539 | D:14     | Killed a storm dragon
 23791 | D:14     | You add the spells Sandblast and Borgnjor's Vile Clutch to
                  | your library.
 23791 | D:14     | Got the Handbook of Clay and Dislocation {forbidden}
 24017 | D:14     | Reached skill level 19 in Axes
 24021 | D:14     | HP: 27/135 [skeletal warrior/+0 glaive[a skeletal warrior]
                  | (16)]
 24023 | D:14     | HP: 13/135 [skeletal warrior/+0 glaive[a skeletal warrior]
                  | (14)]
 25475 | Lair:2   | You pick up a book of Touch {forbidden} and begin
                  | reading...
 25475 | Lair:2   | You add the spells Static Discharge, Sticky Flame and
                  | Dispel Undead to your library.
 25653 | Lair:2   | Received a gift from Trog
 25781 | Lair:2   | Identified +0 gold dragon scales
 25794 | Lair:2   | Reached skill level 20 in Axes
 25807 | Lair:2   | i - +0 gold dragon scales {rare}
 25818 | Lair:2   | You finish putting on your +0 gold dragon scales {rare}.
 25834 | Lair:2   | You finish taking off your +0 gold dragon scales {rare}.
 25997 | Lair:2   | You add the spells Tukima's Dance, Passage of Golubria and
                  | Yara's Violent Unravelling to your library.
 26011 | Lair:2   | You pick up a book of Frost {forbidden} and begin
                  | reading...
 26011 | Lair:2   | You add the spells Freeze, Frozen Ramparts and Hailstorm to
                  | your library.
 27117 | Lair:3   | Found a staircase to the Swamp.
 28001 | Lair:3   | You pick up a book of Burglary {forbidden} and begin
                  | reading...
 28001 | Lair:3   | You add the spells Passwall, Ensorcelled Hibernation and
                  | Swiftness to your library.
 28504 | Lair:4   | Reached skill level 18 in Armour
 28631 | Lair:4   | Reached XP level 15. HP: 141/141 MP: 14/14
 28647 | Lair:4   | Reached skill level 21 in Axes
 28734 | Lair:4   | Found a hole to the Spider Nest.
 28934 | Lair:4   | Received a gift from Trog
 29445 | Lair:5   | Found a runed translucent door.
 29445 | Lair:5   | Found a shimmering altar of Xom.
 29445 | Lair:5   | Noticed mistmaker's ghost (journeyman MiBe)
 29487 | Lair:5   | Found a transporter.
 29542 | Lair:5   | Found a transporter.
 29934 | Lair:5   | Found a staircase to the Slime Pits.
 30299 | Lair:5   | Killed mistmaker's ghost
 30620 | Lair:6   | Entered Level 6 of the Lair of Beasts
 30631 | Lair:6   | Noticed Rupert
 30745 | Lair:5   | Paralysed by Rupert for 3 turns
 30760 | Lair:5   | Killed Rupert
 30836 | Lair:5   | a +3 vampiric executioner's axe {axerare=g}; a +0 scale
                  | mail
 30837 | Lair:5   | S - a +3 vampiric executioner's axe {axerare=g}
 30838 | Lair:5   | S - a +3 vampiric executioner's axe (weapon) {axerare=g}
 31256 | Lair:6   | Reached skill level 19 in Armour
 31649 | Lair:6   | HP: 43/210 [asphyx]
 31654 | Lair:6   | HP: 35/210 [poisoned by a spriggan rider (curare-tipped
                  | dart)]
 31659 | Lair:6   | HP: 19/141 [poisoned by a spriggan rider (curare-tipped
                  | dart)]
 31705 | Lair:6   | HP: 35/141 [spriggan/+0 lajatang (5)]
 32254 | Lair:6   | Reached ****** piety under Trog
 32254 | Lair:6   | Received a gift from Trog
 32325 | Lair:6   | You finish putting on your +0 gold dragon scales {rare}.
 32465 | Lair:6   | You finish taking off your +0 gold dragon scales {rare}.
 32482 | Lair:6   | You finish putting on your +0 gold dragon scales {rare}.
 32483 | Lair:6   | your +0 gold dragon scales {rare} glow green for a moment.
 32484 | Lair:6   | your +1 gold dragon scales {rare} glow green for a moment.
 33048 | Lair:6   | Identified the +6 spear "Xakhloutwe" {freeze, rC++}
 33198 | Lair:6   | Reached skill level 20 in Armour
 33531 | Spider:1 | Entered Level 1 of the Spider Nest
 33564 | Spider:1 | Noticed Jorgrun
 33823 | Swamp:1  | Entered Level 1 of the Swamp
 34127 | Swamp:1  | S - a +3 vampiric executioner's axe (weapon) {axerare=g}
 34157 | Swamp:1  | Cleave: S) +3 executioner's axe (vamp) {axerare=g}
 34157 | Swamp:1  | Cleave: S) +3 executioner's axe (vamp) {axerare=g}
 34251 | Swamp:1  | S - a +3 vampiric executioner's axe (weapon) {axerare=g}
 34422 | Swamp:1  | Reached skill level 21 in Armour
 34432 | Swamp:1  | Received a gift from Trog
 34846 | Swamp:2  | Reached XP level 16. HP: 130/149 MP: 15/15
 34846 | Swamp:2  | Noticed Nikola
 35175 | Slime:1  | Entered Level 1 of the Pits of Slime
 35850 | Slime:1  | Noticed an acid blob
 36037 | Slime:1  | Killed an acid blob
 36216 | Slime:1  | Noticed an acid blob
 36227 | Slime:1  | Killed an acid blob
 36228 | Slime:1  | Reached skill level 22 in Armour
 36314 | Slime:1  | Noticed an acid blob
 36314 | Slime:1  | Gained mutation: Your flesh is heat resistant. (rF+) [a
                  | shining eye]
 36380 | Slime:1  | Killed an acid blob
 36515 | Slime:1  | Gained mutation: You are frail. (-10% HP) [a shining eye]
 37042 | Slime:2  | Noticed an acid blob
 37045 | Slime:2  | Noticed an acid blob
 37069 | Slime:1  | Killed an acid blob
 37341 | Slime:2  | Killed an acid blob
 37839 | Slime:2  | your +2 gold dragon scales {rare} glow green for a moment.
 37840 | Slime:2  | your +3 gold dragon scales {rare} glow green for a moment.
 37841 | Slime:2  | your +4 gold dragon scales {rare} glow green for a moment.
 37946 | Slime:2  | You fall into a shaft and drop 2 floors!
 38067 | Slime:4  | Noticed an acid blob
 38076 | Slime:4  | Killed an acid blob
 38095 | Slime:4  | Paralysed by a floating eye for 2 turns
 38318 | Slime:3  | Reached skill level 23 in Armour
 38462 | Slime:3  | Gained mutation: You are occasionally teleported next to
                  | monsters. [a shining eye]
 38463 | Slime:3  | Gained mutation: You are clumsy. (Dex -2) [a shining eye]
 38464 | Slime:3  | Gained mutation: You are strong-willed. (Will+) [a shining
                  | eye]
 38473 | Slime:3  | Noticed an acid blob
 38618 | Slime:5  | Entered Level 5 of the Pits of Slime
 38627 | Slime:5  | Noticed an acid blob
 38642 | Slime:5  | Killed an acid blob
 38889 | Slime:4  | Gained mutation: Your spells are a little easier to cast,
                  | but a little less powerful. [a shining eye]
 38891 | Slime:4  | Lost mutation: Your spells are a little easier to cast, but
                  | a little less powerful. [potion of mutation]
 38891 | Slime:4  | Lost mutation: You are occasionally teleported next to
                  | monsters. [potion of mutation]
 38891 | Slime:4  | Gained mutation: Your mind is acute. (Int +2) [potion of
                  | mutation]
 38891 | Slime:4  | Gained mutation: You are partially covered in iridescent
                  | scales. (AC +2) [potion of mutation]
 38892 | Slime:4  | Lost mutation: Your mind is acute. (Int +2) [a shining eye]
 38896 | Slime:4  | Gained mutation: Your spells are a little easier to cast,
                  | but a little less powerful. [a shining eye]
 38900 | Slime:4  | Gained mutation: Armour fits poorly on your strangely
                  | shaped body. [a shining eye]
 38920 | Slime:4  | Received a gift from Trog
 39487 | Slime:5  | Noticed an acid blob
 39498 | Slime:4  | Killed an acid blob
 39503 | Slime:4  | Reached skill level 24 in Armour
 39691 | Slime:5  | Noticed an acid blob
 39740 | Slime:5  | Killed an acid blob
 40101 | Slime:3  | Reached skill level 22 in Axes
 40197 | Slime:3  | Noticed Dissolution
 40203 | Slime:3  | Paralysed by a floating eye for 4 turns
 40208 | Slime:3  | Paralysed by a floating eye for 3 turns
 40212 | Slime:3  | Paralysed by a floating eye for 2 turns
 40276 | Slime:3  | Killed an acid blob
 40318 | Slime:2  | Noticed an acid blob
 40327 | Slime:2  | Killed an acid blob
 40356 | Slime:2  | HP: 33/134 [azure jelly (4)]
 40356 | Slime:2  | HP: 16/134 [azure jelly (17)]
 40368 | Slime:2  | HP: 33/134 [azure jelly (4)]
 40373 | Slime:2  | HP: 30/134 [azure jelly (4)]
 40373 | Slime:2  | HP: 11/134 [azure jelly (19)]
 40375 | Slime:2  | Reached XP level 17. HP: 12/140 MP: 16/16
 41242 | Elf:1    | Entered Level 1 of the Elven Halls
 41246 | Elf:1    | Paralysed by an air elemental for 1 turns
 41251 | Elf:1    | Paralysed by an air elemental for 1 turns
 42061 | Slime:2  | HP: 30/140 [acid (12)]
 43765 | Slime:3  | Killed Dissolution
 43766 | Slime:3  | Reached skill level 23 in Axes
 44188 | Slime:5  | Noticed an acid blob
 44232 | Slime:4  | S - a +3 vampiric executioner's axe (weapon) {axerare=g}
 44365 | Slime:5  | Killed an acid blob
 44636 | Slime:5  | Noticed an acid blob
 44651 | Slime:5  | Killed an acid blob
 44651 | Slime:5  | Received a gift from Trog
 44687 | Slime:5  | You drop a +4 vorpal executioner's axe {axerare=g}.
 44801 | Slime:4  | Noticed an acid blob
 44801 | Slime:4  | Paralysed by a floating eye for 2 turns
 44809 | Slime:5  | Noticed an acid blob
 44931 | Slime:5  | Killed an acid blob
 44932 | Slime:5  | Paralysed by a floating eye for 3 turns
 45221 | Slime:5  | Paralysed by a floating eye for 3 turns
 45263 | Slime:5  | Noticed an acid blob
 45392 | Slime:5  | Gained mutation: You tend to lose your temper in combat. [a
                  | shining eye]
 45398 | Slime:5  | Gained mutation: You are weak. (Str -2) [a shining eye]
 45446 | Slime:5  | Gained mutation: You are dopey. (Int -2) [a shining eye]
 45458 | Slime:5  | Killed an acid blob
 45484 | Slime:5  | Noticed the Royal Jelly
 45520 | Slime:5  | HP: 33/140 [acid (5)]
 46146 | Slime:5  | Noticed an acid blob
 46150 | Slime:4  | Killed an acid blob
 46321 | Slime:5  | Noticed an acid blob
 46327 | Slime:5  | HP: 21/140 [rockslime[the Royal Jelly] (29)]
 46347 | Slime:5  | HP: 18/140 [the Royal Jelly (10)]
 46356 | Slime:4  | Gained mutation: You are very frail. (-20% HP) [a shining
                  | eye]
 46369 | Slime:4  | HP: 31/124 [acid blob/splash of acid (9)]
 46372 | Slime:4  | Paralysed by a floating eye for 3 turns
 46375 | Slime:4  | HP: 43/186 [acid blob/splash of acid (6)]
 46379 | Slime:4  | Killed an acid blob
 46383 | Slime:4  | HP: 34/186 [slime creature (7)]
 46738 | Slime:5  | o - a +4 vorpal executioner's axe {axerare=g}
 46765 | Slime:5  | Reached skill level 24 in Axes
 46912 | Slime:5  | Noticed an acid blob
 46912 | Slime:5  | Noticed an acid blob
 46914 | Slime:5  | Noticed an acid blob
 46915 | Slime:5  | Noticed an acid blob
 46916 | Slime:5  | HP: 22/124 [rockslime[the Royal Jelly] (12)]
 47279 | Slime:5  | Noticed an acid blob
 47279 | Slime:5  | HP: 28/124 [rockslime[the Royal Jelly] (7)]
 47309 | Slime:5  | HP: 31/124 [acid blob/splash of acid[the Royal Jelly] (4)]
 47313 | Slime:5  | HP: 7/124 [acid blob/splash of acid[the Royal Jelly] (12)]
 47315 | Slime:5  | Killed from afar by an acid blob

Vanquished Creatures
  Dissolution (Slime:3)
  Rupert (Lair:5)
  A storm dragon (D:14)
  17 acid blobs
  8 azure jellies
  6 rockslimes
  An orc warlord (Orc:2)
  8 quicksilver oozes
  The ghost of mistmaker the Fighter, a journeyman MiBe of Trog (Lair:5)
  A bunyip (Swamp:1)
  A fire dragon (D:13)
  2 ettins
  A deep elf high priest (D:14)
  2 great orbs of eyes
  13 hydras
  4 ogre magi (Orc:2)
  3 boulder beetles
  3 centaur warriors
  Erolcha (D:13)
  A dancing weapon (Lair:5)
  2 tengu warriors (D:14)
  An alligator (Swamp:1)
  13 death yaks
  17 two-headed ogres
  An orc high priest (Orc:1)
  Nergalle (Orc:1)
  4 skeletal warriors
  5 swamp dragons (Swamp:1)
  A spriggan druid (Swamp:2)
  A wizard (D:13)
  3 bog bodies
  An orc knight (Orc:1)
  A deep elf pyromancer (D:12)
  An oklob plant (Lair:5)
  An orc sorcerer (Orc:1)
  5 cyclopes
  A manticore (D:13)
  8 shining eyes
  16 elephants
  A black mamba (Lair:1)
  A torpor snail (Lair:2)
  4 eyes of devastation
  15 cane toads
  Maggie (D:6)
  4 rime drakes
  14 komodo dragons
  An efreet (D:13)
  A demonic crawler (Spider:1)
  A yaktaur (shapeshifter) (D:13)
  2 tengu conjurers (D:13)
  A bloated husk (Swamp:1)
  10 hornets
  3 meliai
  A queen bee (shapeshifter) (D:13)
  3 tyrant leeches (Swamp:1)
  12 blink frogs
  2 trolls
  96 slime creatures
  3 polar bears (Lair:6)
  5 dream sheep
  3 shadows (D:12)
  An air elemental (Elf:1)
  54 yaks
  Grum (D:10)
  17 spriggans
  3 wraiths
  4 wyverns
  2 steam dragons
  12 golden eyes
  6 basilisks
  6 vampire mosquitoes
  An acid dragon (D:11)
  2 swamp worms (Swamp:1)
  13 water moccasins
  3 wargs
  4 floating eyes
  6 black bears
  23 orc warriors
  2 ice beasts (D:6)
  A hornet zombie (Ossuary)
  30 ogres
  A sky beast (D:5)
  26 wolves
  3 boggarts (Lair:6)
  6 centaurs
  A kobold brigand (D:7)
  17 bullfrogs
  Blork the orc (D:6)
  2 gnoll sergeants
  A scorpion (D:6)
  2 water moccasin zombies
  4 wyvern zombies
  A troll zombie (D:12)
  10 killer bees
  10 wights
  9 electric eels
  6 howler monkeys
  8 bullfrog zombies
  7 centaur zombies
  21 orc priests
  A centaur skeleton (D:6)
  A hound (D:6)
  2 jellies
  12 orc wizards
  A hell rat (D:8)
  A wolf simulacrum (Lair:2)
  A killer bee zombie (D:4)
  5 ogre zombies (D:12)
  14 mummies (Ossuary)
  2 howler monkey zombies
  7 gnolls
  A howler monkey skeleton (D:4)
  5 river rats (D:8)
  4 adders
  2 shadow imps (D:7)
  An ufetubus (D:5)
  An adder skeleton (D:2)
  An adder zombie (D:2)
  4 worms
  3 dart slugs
  55 orcs
  3 ball pythons
  4 bats
  A bat skeleton (D:2)
  A bat zombie (D:2)
  9 endoplasms
  2 giant cockroaches (D:1)
  6 goblins
  9 hobgoblins
  6 quokkas
  2 ball python zombies (D:2)
  5 frilled lizards
  A giant cockroach zombie (D:2)
  2 goblin zombies (D:12)
  3 hobgoblin zombies (D:12)
  9 kobolds
  3 orc skeletons (D:12)
  11 orc zombies (D:12)
  3 rats
  A butterfly (Lair:5)
875 creatures vanquished.

Vanquished Creatures (others)
  A bloated husk (Swamp:2)
  A tyrant leech (Swamp:1)
  An orc (Orc:1)
  2 bushes
  48 fungi
  26 plants
  7 withered plants (Ossuary)
86 creatures vanquished.

Grand Total: 961 creatures vanquished

Table legend:
 A = Non-vault XP
 B = Vault XP
 C = Vault XP percentage of total XP
 D = Non-vault monster count
 E = Vault monster count
 F = Vault count percentage of total count
                 A         B        C        D         E       F
            +---------+---------+-------+---------+---------+-------
      Total |  171602 |   77009 |  31.0 |     632 |     239 |  27.4
            +---------+---------+-------+---------+---------+-------
        D:1 |      40 |       0 |   0.0 |      21 |       0 |   0.0
        D:2 |      37 |      17 |  31.5 |      14 |       7 |  33.3
        D:3 |      37 |      12 |  24.5 |      13 |       3 |  18.8
        D:4 |      73 |       5 |   6.4 |      11 |       1 |   8.3
        D:5 |     222 |       0 |   0.0 |       4 |       0 |   0.0
        D:6 |     888 |     508 |  36.4 |      14 |       2 |  12.5
        D:7 |     795 |       0 |   0.0 |      22 |       0 |   0.0
        D:8 |    1138 |    2537 |  69.0 |      14 |      11 |  44.0
        D:9 |     977 |     233 |  19.3 |      14 |       2 |  12.5
       D:10 |    3579 |     441 |  11.0 |      20 |       3 |  13.0
       D:11 |    3893 |     201 |   4.9 |      25 |       1 |   3.8
       D:12 |    6682 |     928 |  12.2 |      35 |      29 |  45.3
       D:13 |    5316 |    3633 |  40.6 |      13 |       5 |  27.8
       D:14 |    6652 |    6556 |  49.6 |      11 |       7 |  38.9
     Lair:1 |    3565 |       0 |   0.0 |       7 |       0 |   0.0
     Lair:2 |    7647 |    4018 |  34.4 |      35 |      13 |  27.1
     Lair:3 |    9265 |    1013 |   9.9 |      29 |       7 |  19.4
     Lair:4 |    9363 |     603 |   6.1 |      32 |       6 |  15.8
     Lair:5 |   10551 |    4467 |  29.7 |      35 |       5 |  12.5
     Lair:6 |   12636 |    8166 |  39.3 |      26 |      43 |  62.3
    Swamp:1 |    7116 |    3660 |  34.0 |      18 |       5 |  21.7
    Swamp:2 |    1237 |       0 |   0.0 |       4 |       0 |   0.0
   Spider:1 |     689 |       0 |   0.0 |       2 |       0 |   0.0
    Slime:1 |   19537 |       0 |   0.0 |      34 |       0 |   0.0
    Slime:2 |   10913 |       0 |   0.0 |      19 |       0 |   0.0
    Slime:3 |    9637 |    7229 |  42.9 |      24 |       1 |   4.0
    Slime:4 |   15277 |    1564 |   9.3 |      31 |       1 |   3.1
    Slime:5 |   16342 |   12067 |  42.5 |      31 |      14 |  31.1
      Orc:1 |    5171 |    2545 |  33.0 |      53 |       4 |   7.0
      Orc:2 |    2109 |   15454 |  88.0 |      20 |      40 |  66.7
      Elf:1 |     218 |       0 |   0.0 |       1 |       0 |   0.0
    Ossuary |       0 |    1152 | 100.0 |       0 |      29 | 100.0
            +---------+---------+-------+---------+---------+-------

Illustrated notes

Table legend:
 A = Kills in this place as a percentage of kills in entire the game.
 B = Kills by you in this place as a percentage of kills by you in the entire game.
 C = Kills by friends in this place as a percentage of kills by friends in the entire game.
 D = Other kills in this place as a percentage of other kills in the entire game.
 E = Experience gained in this place as a percentage of experience gained in the entire game.
 F = Experience gained in this place divided by the number of levels of this place that you have seen.
                   A       B       C       D       E      F
               +-------+-------+-------+-------+-------+----------------------
         Total | 100.0 | 100.0 |   N/A | 100.0 | 100.0 | 7769.1
       Dungeon |  34.7 |  34.7 |   N/A |   0.0 |  18.3 | 3242.9
          Lair |  27.3 |  27.4 |   N/A |   0.0 |  28.7 | 11882.3
         Swamp |   3.1 |   3.0 |   N/A | 100.0 |   4.8 | 6006.5
   Spider Nest |   0.2 |   0.2 |   N/A |   0.0 |   0.3 | 689.0
    Slime Pits |  17.8 |  17.8 |   N/A |   0.0 |  37.2 | 18513.2
  Orcish Mines |  13.4 |  13.4 |   N/A |   0.0 |  10.2 | 12639.5
   Elven Halls |   0.1 |   0.1 |   N/A |   0.0 |   0.1 | 218.0
       Ossuary |   3.3 |   3.3 |   N/A |   0.0 |   0.5 | 1152.0
               +-------+-------+-------+-------+-------+----------------------

Table legend: (Time is in decaauts)
 A = Elapsed time spent in this place.
 B = Non-inter-level travel time spent in this place.
 C = Inter-level travel time spent in this place.
 D = Time resting spent in this place.
 E = Time spent auto-exploring this place.
 F = Levels seen in this place.
 G = Mean time per level.
                   A        B        C        D        E       F      G
               +--------+--------+--------+--------+--------+-----+--------+
         Total |  47577 |  45403 |   2174 |  15222 |  16580 |  32 | 1486.8 |
       Dungeon |  17920 |  16688 |   1232 |   3201 |   9207 |  14 | 1280.0 |
          Lair |  10490 |   9883 |    607 |   1995 |   4627 |   6 | 1748.3 |
         Swamp |   1013 |    974 |     39 |    225 |    381 |   2 |  506.5 |
   Spider Nest |     38 |     38 |      0 |      0 |      0 |   1 |   38.0 |
    Slime Pits |  11268 |  11111 |    157 |   6826 |   1103 |   5 | 2253.6 |
  Orcish Mines |   6183 |   6048 |    135 |   2722 |   1110 |   2 | 3091.5 |
   Elven Halls |     16 |     16 |      0 |      0 |      0 |   1 |   16.0 |
       Ossuary |    648 |    648 |      0 |    252 |    152 |   1 |  648.0 |
               +--------+--------+--------+--------+--------+-----+--------+

Top non-repeatable levels by time:
 Slime:4: 3842 daAuts
   Orc:2: 3662 daAuts
    D:12: 2831 daAuts
 Slime:2: 2769 daAuts
  Lair:5: 2747 daAuts
 Slime:1: 2564 daAuts
   Orc:1: 2520 daAuts
  Lair:2: 2155 daAuts
  Lair:6: 1910 daAuts
    D:13: 1698 daAuts
  Lair:3: 1553 daAuts
     D:6: 1525 daAuts
 Slime:5: 1483 daAuts
    D:10: 1337 daAuts
    D:11: 1307 daAuts
